 Dungeon Crawl Stone Soup version 0.28.0-47-ge53b351184 (webtiles) character file.

Game seed: 7773530234693587873

187 firemarshallily the Skirmisher (level 5, 0/42 HPs)
             Began as a Demonspawn Fighter on Apr 27, 2022.
             Killed by divine providence
             ... invoked by an orc priest
              (10 damage)
             ... on level 3 of the Dungeon.
             The game lasted 00:10:23 (3993 turns).

firemarshallily the Skirmisher (Demonspawn Fighter) Turns: 3993, Time: 00:10:24

Health: 0/42       AC:  9    Str: 18    XL:     5   Next: 39%
Magic:  0/5        EV:  9    Int:  9    God:
Gold:   99         SH:  4    Dex: 13    Spells: 4/4 levels left

rFire   . . .      SeeInvis .   m - +1 hand axe (elec)
rCold   . . .      Faith    .   c - +0 buckler
rNeg    . . .      Spirit   +   b - +0 scale mail
rPois   .          Reflect  .   e - +0 helmet
rElec   .          Harm     .   i - +0 cloak
rCorr   .          Rampage  .   (no gloves)
Will    +....                   (no boots)
Stlth   ..........              (no amulet)
HPRegen 0.14/turn               g - ring of willpower
MPRegen 0.18/turn               k - +4 ring of slaying

@: no status effects
A: powered by pain 1, magic shield, magic regeneration
a: no special abilities


You were on level 3 of the Dungeon.
You visited 1 branch of the dungeon, and saw 3 of its levels.

You collected 99 gold pieces.

Inventory:

Hand Weapons
 a - a +1 war axe
 m - a +1 hand axe of electrocution (weapon)
Missiles
 f - 75 stones
 h - 3 poisoned darts (quivered)
Armour
 b - a +0 scale mail (worn)
 c - a +0 buckler (worn)
 e - a +0 helmet (worn)
 i - a +0 cloak (worn)
Jewellery
 g - a ring of willpower (left hand)
 k - a +4 ring of slaying (right hand)
Potions
 d - a potion of might
 j - a potion of resistance
 l - a potion of curing


   Skills:
 + Level 4.0 Fighting
 * Level 3.6 Axes
 + Level 3.6 Armour
 - Level 3.0 Shields


You had 4 spell levels left.
You didn't know any spells.
Your spell library contained the following spells:

 Spells                   Type           Power      Damage    Failure   Level
 Gell's Gravitas          Tloc           0%         N/A       99%         3
 Ignite Poison            Fire/Tmut/Pois 0%         N/A       99%         3
 Mephitic Cloud           Conj/Pois/Air  0%         N/A       99%         3
 Teleport Other           Tloc           0%         N/A       99%         3
 Freezing Cloud           Conj/Ice/Air   0%         6-21      100%        5
 Dispersal                Tloc           0%         N/A       100%        6


Dungeon Overview and Level Annotations

Branches:
Dungeon (3/15)

Altars:


Innate Abilities, Weirdness & Mutations

You sometimes gain a little power by taking damage.
When hurt, damage is shared between your health and your magic reserves.
You regenerate magic rapidly.


Message History

The orc shouts!
The orc priest shouts! x2
The orc hits you with a +0 whip.
You slash the orc!
You kill the orc!
You barely miss the orc priest. The orc priest barely misses you.
The orc priest hits you with a +0 mace.
You hit the orc priest.
The orc priest is moderately wounded.
You hit the orc. The orc barely misses you.
The orc priest hits you with a +0 mace.
You hit the orc priest.
The orc priest is heavily wounded.
You hit the orc.
You kill the orc!
The orc priest mumbles some strange prayers to Beogh against you.
Beogh smites you!
You barely miss the orc priest.
The orc priest is heavily wounded.
You barely miss the orc priest.
The orc priest hits you but does no damage.
The orc priest hits you with a +0 mace.
The orc priest invokes the aid of Beogh against you.
Pain shoots through your body!
* * * LOW HITPOINT WARNING * * *
You closely miss the orc priest.
The orc priest is heavily wounded.
You barely miss the orc priest. The orc priest barely misses you. x2
You slash the orc priest!
You kill the orc priest!
You hit the orc priest.
The orc priest hits you but does no damage.
Your Fighting skill increases to level 4!
You barely miss the orc priest.
The orc priest is lightly wounded.
The orc priest hits you but does no damage.
You slash the orc priest!
The orc priest is severely wounded.
The orc priest calls down the wrath of Beogh upon you.
Beogh smites you!
You die...

#.######.# ##)..#####..# #####..
..# #.# ###.#......# #...#.# ###
#.# #.#...#.## #...#.# #.###
#.......#####...... ###.#.##
###...####.........
######......## #...# #.........
#......#.....## #...# #.........
..##..........###...#####.#....##
..##.#.........)@................
.....#..#......o.................
..####...............<.....#...##
..####..#########...#####......#
#.......# #...# #####.##
######..# #...# #.# #.## #...#
####.### #.# ########...###
#.)..... #># #....<.......#
#.##.##.


You could see an orc priest.

Vanquished Creatures
  3 orc priests
  2 adders (D:2)
  A worm (D:2)
  A dart slug (D:1)
  4 orcs (D:3)
  5 bats
  6 endoplasms
  4 giant cockroaches
  2 goblins
  11 hobgoblins
  6 quokkas
  13 ball pythons
  3 frilled lizards (D:1)
  6 kobolds
  3 rats
70 creatures vanquished.

Notes
Turn   | Place    | Note
-------+----------+-------------------------------------------
     0 | D:1      | firemarshallily the Demonspawn Fighter began the quest for
                  | the Orb.
     0 | D:1      | Reached XP level 1. HP: 18/18 MP: 1/1
   189 | D:1      | Gained mutation: You regenerate magic rapidly. [demonic
                  | ancestry]
   189 | D:1      | Reached XP level 2. HP: 15/24 MP: 2/2
   961 | D:1      | Gained mutation: When hurt, damage is shared between your
                  | health and your magic reserves. [demonic ancestry]
   961 | D:1      | Reached XP level 3. HP: 28/29 MP: 3/3
  2101 | D:2      | Gained mutation: You sometimes gain a little power by
                  | taking damage. [demonic ancestry]
  2101 | D:2      | Reached XP level 4. HP: 26/35 MP: 4/4
  3437 | D:2      | Reached XP level 5. HP: 12/42 MP: 3/5
  3992 | D:3      | Reached skill level 4 in Fighting
  3993 | D:3      | Killed from afar by an orc priest

Illustrated notes

Levels and vault maps discovered:
D:1:      eino_arrival_druids_welcome, layout_loops_corners, minmay_tromino_i4
D:2:      layout_loops_ring
D:3:      layout_loops_cross

Skill      XL: |  1  2  3  4  5 |
---------------+----------------+-----
Axes           | 2 3 |  3.6
Armour         | 3 |  3.6
Shields        | 3 |  3.0
Fighting       | 4 |  4.0

Action                   |  1- 3 |  4- 6 || total
-------------------------+-------+-------++-------
Melee: War axe           |   123 |    65 ||   188
       Hand axe          |       |    13 ||    13
Throw: Stone             |     4 |       ||     4
       Dart              |       |     3 ||     3
  Use: Potion            |     2 |       ||     2
       Scroll            |     3 |     5 ||     8
Armor: Scale mail        |    58 |    41 ||    99
Dodge: Dodged            |    41 |    45 ||    86
Block: Buckler           |    33 |    25 ||    58
